 Dungeon Crawl Stone Soup version 0.28.0-53-g5a82cb258f (webtiles) character file.

Game seed: 9629278739472867159

238 bnorton916 the Magician (level 5, -3/28 HPs)
             Began as a Deep Elf Fire Elementalist on May 23, 2022.
             Slain by Duvessa
             ... wielding a +3 rapier of electrocution
              (7 damage)
             ... on level 4 of the Dungeon.
             The game lasted 00:04:01 (4946 turns).

bnorton916 the Magician (DEFE)                      Turns: 4946, Time: 00:04:02

Health: -3/28      AC:  3    Str:  5    XL:     5   Next: 78%
Magic:  6/14       EV: 12    Int: 22    God:
Gold:   152        SH:  0    Dex: 15    Spells: 10/14 levels left

rFire   . . .      SeeInvis .   (no weapon)
rCold   . . .      Faith    .   (no shield)
rNeg    . . .      Spirit   .   a - +0 robe
rPois   .          Reflect  .   (no helmet)
rElec   .          Harm     .   (no cloak)
rCorr   .          Rampage  .   e - +0 pair of gloves
Will    .....                   (no boots)
Stlth   ++........              (no amulet)
HPRegen 0.09/turn               (no ring)
MPRegen 0.14/turn               (no ring)

@: attractive
A: no striking features
a: no special abilities


You were on level 4 of the Dungeon.
You visited 1 branch of the dungeon, and saw 4 of its levels.

You collected 152 gold pieces.

Inventory:

Hand Weapons
 i - a +1 dagger of venom
Armour
 a - a +0 robe (worn)
 e - a +0 pair of gloves (worn)
Jewellery
 k - an amulet of the acrobat
Scrolls
 b - a scroll of teleportation {unknown}
 c - a scroll of enchant weapon {unknown}
 g - 5 scrolls of identify {unknown}
 h - a scroll of magic mapping {unknown}
 j - a scroll of vulnerability {unknown}
 l - a scroll of fear {unknown}
 o - a scroll of amnesia {unknown}
 p - 2 scrolls of fog {unknown}
Potions
 f - a potion of curing
 m - a potion of resistance
 n - a potion of attraction


   Skills:
 - Level 2.4 Dodging
 - Level 2.4 Stealth
 + Level 5.1 Spellcasting
 + Level 3.4 Conjurations
 + Level 2.3 Hexes
 + Level 4.7 Fire Magic


You had 10 spell levels left.
You knew the following spells:

 Your Spells              Type           Power      Damage    Failure   Level
a - Foxfire               Conj/Fire      92%        2x1d8     1%          1
b - Scorch                Fire           52%        2d8       2%          2
c - Slow                  Hex            60%        N/A       3%          1

Your spell library contained the following spells:

 Spells                   Type           Power      Damage    Failure   Level
 Conjure Flame            Conj/Fire      23%        6-21      5%          3
 Inner Flame              Hex/Fire       21%        N/A       7%          3
 Confusing Touch          Hex            15%        N/A       12%         3
 Flame Wave               Conj/Fire      23%        2d7       19%         4
 Vampiric Draining        Necr           5%         2d6       30%         3
 Airstrike                Air            2%         N/A       69%         4
 Summon Lightning Spire   Summ/Air       5%         N/A       69%         4
 Lightning Bolt           Conj/Air       6%         1d18      80%         5


Dungeon Overview and Level Annotations

Branches:
Dungeon (4/15)
 Temple: D:4-7

Altars:
Nemelex Xobeh
Ru

Shops:
D:2 :

Annotations:
D:4 Dowan, Duvessa


Message History

Casting: Scorch (safe; 2% risk of failure)
Confirm with . or Enter, or press ? or * to list all spells.
Flames lash Dowan.
Dowan is moderately wounded.
Dowan's fire resistance burns away.
Dowan hits you but does no damage.
Your transformation is almost over.
Duvessa says, "Where magic fails, the sword succeeds!"
Duvessa hits you with a +3 rapier of electrocution!
* * * LOW HITPOINT WARNING * * *
Dowan points at Duvessa and mumbles some strange words.
Duvessa seems to speed up.
Unknown command.
Casting: Scorch (safe; 2% risk of failure)
Confirm with . or Enter, or press ? or * to list all spells.
Flames lash Duvessa.
Duvessa is heavily wounded.
Duvessa's fire resistance burns away.
Duvessa says, "Where magic fails, the sword succeeds!"
Duvessa hits you with a +3 rapier of electrocution.
* * * LOW HITPOINT WARNING * * *
Dowan hits you but does no damage. Duvessa hits you but does no damage.
Dowan hits you but does no damage.
It was a potion of attraction.
You feel attractive to monsters.
Duvessa is no longer more vulnerable to fire.
Dowan is no longer more vulnerable to fire.
Duvessa hits you but does no damage. Dowan hits you but does no damage.
It was a potion of curing.
You feel better.
Duvessa hits you with a +3 rapier of electrocution.
* * * LOW HITPOINT WARNING * * *
Dowan hits you but does no damage.
It was a potion of cancellation.
Your magical effects are unravelling.
You feel magically purged.
You feel less wooden.
Your +0 pair of gloves unmelds from your body.
Your +0 robe unmelds from your body.
You are no longer glowing.
Duvessa hits you with a +3 rapier of electrocution!
You die...

#.# #.# #.# #.##.#
#.# #.##.# #.#
#.##.# # .## #.#
#.##.#.# .... #.#
#.##.#.## ..... #.#
#........
......###.####@##.#
Z.....'.†....ee...#
.##Z..###...##.####
#.. #......... #.
#.#.##....P #
#.#..#..##...
#.##.#..# P.
#.##.#..# .
#[##.#..#


You could see Duvessa (fast, slow) and Dowan.

Vanquished Creatures
  An ogre (D:4)
  Terence (D:2)
  2 adders (D:3)
  A worm (D:3)
  3 dart slugs
  15 orcs
  11 ball pythons
  8 endoplasms
  2 giant cockroaches
  5 goblins
  9 hobgoblins
  2 quokkas
  8 bats
  3 frilled lizards
  5 kobolds
  9 rats
85 creatures vanquished.

Vanquished Creatures (collateral kills)
  5 foxfires (D:4)
5 creatures vanquished.

Vanquished Creatures (others)
  397 foxfires
  12 plants
409 creatures vanquished.

Grand Total: 499 creatures vanquished

Notes
Turn   | Place    | Note
-------+----------+-------------------------------------------
     0 | D:1      | bnorton916 the Deep Elf Fire Elementalist began the quest
                  | for the Orb.
     0 | D:1      | Reached XP level 1. HP: 10/10 MP: 6/6
   453 | D:1      | Reached XP level 2. HP: 14/15 MP: 2/8
  1489 | D:1      | Reached XP level 3. HP: 19/19 MP: 6/10
  1931 | D:2      | Noticed Terence
  1941 | D:2      | Killed Terence
  1942 | D:2      | Reached skill level 4 in Spellcasting
  2091 | D:2      | Reached XP level 4. HP: 24/24 MP: 7/12
  2202 | D:2      | Learned a level 2 spell: Scorch
  2204 | D:2      | Learned a level 1 spell: Slow
  2569 | D:2      | Found Rito's Book Shop.
  3004 | D:3      | Reached skill level 1 in Hexes
  3275 | D:3      | Found a faded altar of an unknown god.
  3558 | D:3      | Found a sparkling altar of Nemelex Xobeh.
  3736 | D:3      | Found a sacrificial altar of Ru.
  3947 | D:3      | Reached XP level 5. HP: 26/28 MP: 10/14
  4267 | D:4      | Noticed an ogre
  4326 | D:4      | Killed an ogre
  4327 | D:4      | Reached skill level 5 in Spellcasting
  4790 | D:4      | Noticed Duvessa
  4790 | D:4      | Noticed Dowan
  4946 | D:4      | Slain by Duvessa

Illustrated notes

Levels and vault maps discovered:
D:1:      saegor_arrival_simple_b, layout_loops_ring
D:2:      layout_rooms, serial_shops, nicolae_shop_statue_plus, uniq_terence
D:3:      layout_rooms, nicolae_ru_the_path_less_chosen,
          lemuel_coloured_pillars_altar, ebering_ecumenical_altar_sacrificial,
          amcnicky_mini_corridor_feature, hangedman_decor_diamond_cutter,
          hangedman_feature_mirror, eino_tiny_chamber, mrwooster_statue_mirror
D:4:      layout_basic, serial_bayou, serial_bayou_crossing,
          serial_bayou_pond_a, serial_bayou_pond_c, serial_bayou_pond_e,
          uniq_duvessa

Skill      XL: |  1  2  3  4  5 |
---------------+----------------+-----
Conjurations   | 2 3 |  3.4
Spellcasting   | 4 5 |  5.1
Fire Magic     | 4 |  4.7
Hexes          | 1 2 |  2.3
Dodging        | |  2.4
Stealth        | |  2.4

Action                   |  1- 3 |  4- 6 || total
-------------------------+-------+-------++-------
Melee: Unarmed           |       |     1 ||     1
 Cast: Foxfire           |   107 |   132 ||   239
       Slow              |       |     4 ||     4
       Scorch            |       |     4 ||     4
  Use: Potion            |       |     3 ||     3
Armor: Robe              |     5 |     4 ||     9
       Skin              |       |    12 ||    12
Dodge: Dodged            |    29 |    13 ||    42
